 Dungeon Crawl Stone Soup version 0.29.0-13-gc9e81de378 (webtiles) character file.

Game seed: 16741375404146084929

2051 Anothat the Ducker (level 8, -8/71 HPs)
             Began as a Demigod Gladiator on Sept 9, 2022.
             Mangled by an orc warrior
             ... wielding a +0 trident
              (14 damage)
             ... on level 7 of the Dungeon.
             The game lasted 00:10:57 (7243 turns).

Anothat the Ducker (Demigod Gladiator)              Turns: 7243, Time: 00:10:57

Health: -8/71      AC:  9    Str: 21    XL:     8   Next: 75%
Magic:  10/10      EV: 16    Int: 10    God:
Gold:   1488       SH:  0    Dex: 23    Spells: 7/7 levels left

rFire   . . .      SeeInvis .   a - +1 long sword
rCold   . . .      Faith    .   (no shield)
rNeg    . . .      Spirit   .   z - +0 swamp dragon scales
rPois   +          Reflect  .   c - +0 helmet
rElec   .          Harm     .   (no cloak)
rCorr   .          Rampage  .   (no gloves)
Will    .....                   l - +0 pair of boots
Stlth   +.........              (no amulet)
HPRegen 0.21/turn               w - +6 ring of strength
MPRegen 0.12/turn               (no ring)

@: no status effects
A: high MP 1, forlorn, divine attributes
a: no special abilities


You were on level 7 of the Dungeon.
You visited 1 branch of the dungeon, and saw 7 of its levels.

You collected 1488 gold pieces.

Inventory:

Hand Weapons
 a - a +1 long sword (weapon)
 x - a +0 long sword of holy wrath
Missiles
 e - a javelin (quivered)
Armour
 b - a +0 leather armour
 c - a +0 helmet (worn)
 f - a +0 troll leather armour
 h - a +0 helmet
 l - a +0 pair of boots (worn)
 z - +0 swamp dragon scales (worn)
Jewellery
 v - a +6 ring of strength
 w - a +6 ring of strength (left hand)
Wands
 k - a wand of flame (11)
 o - a wand of roots (5)
Scrolls
 g - 2 scrolls of teleportation
 y - a scroll of enchant armour {unknown}
Potions
 i - a potion of might {unknown}
 j - a potion of cancellation
 m - 3 potions of berserk rage
 p - a potion of ambrosia
 q - 2 potions of attraction {unknown}
 r - 2 potions of resistance
 t - a potion of mutation {unknown}


   Skills:
 + Level 6.5 Fighting
 + Level 6.8 Long Blades
 - Level 1.7 Throwing
 + Level 6.8 Dodging


You had 7 spell levels left.
You didn't know any spells.
Your spell library contained the following spells:

 Spells                   Type           Power      Damage    Failure   Level
 Magic Dart               Conj           0%         1d3       54%         1
 Necrotise                Necr           0%         1d4       54%         1
 Call Imp                 Summ           0%         N/A       67%         2
 Ignite Poison            Fire/Tmut/Pois 0%         N/A       88%         3
 Mephitic Cloud           Conj/Pois/Air  0%         N/A       88%         3
 Vampiric Draining        Necr           0%         2d6       88%         3
 Agony                    Necr           0%         N/A       100%        5
 Alistair's Intoxication  Tmut/Pois      0%         N/A       100%        5
 Borgnjor's Vile Clutch   Necr/Erth      0%         N/A       100%        5
 Freezing Cloud           Conj/Ice/Air   0%         6-21      100%        5
 Eringya's Noxious Bog    Tmut/Pois      0%         N/A       100%        6


Dungeon Overview and Level Annotations

Branches:
Dungeon (7/15)             Temple (0/1) D:7

Shops:
D:5 ?

Annotations:
D:3 exclusion: statue


Innate Abilities, Weirdness & Mutations

You have an increased reservoir of magic. (+10% MP)
You shall have no god before yourself.
Your divine heritage dramatically boosts your attributes as you level up.


Message History

You closely miss the gnoll.
The gnoll is heavily wounded.
The gnoll closely misses you.
The orc warrior hits you from afar with a +0 trident!
You barely miss the gnoll.
The gnoll is heavily wounded.
The gnoll hits you with a +0 spear. The orc warrior misses you.
You slash the gnoll!
You kill the gnoll!
The orc warrior hits you from afar with a +0 trident!
The gnoll misses you.
You slash the gnoll!
You kill the gnoll!
The orc warrior hits you from afar with a +0 trident!
The orc warrior barely misses you.
You slash the orc warrior!
The orc warrior is heavily wounded.
The orc warrior hits you with a +0 trident.
* * * LOW HITPOINT WARNING * * *
You hit the orc warrior.
The orc warrior is severely wounded.
The orc warrior hits you with a +0 trident!
* * * LOW HITPOINT WARNING * * *
The orc warrior misses you.
You feel better.
The orc warrior hits you with a +0 trident!
* * * LOW HITPOINT WARNING * * *
You hit the orc warrior.
The orc warrior is severely wounded.
The orc warrior misses you.
You hit the orc warrior but do no damage.
The orc warrior is severely wounded.
The orc warrior misses you.
You hit the orc warrior.
The orc warrior is almost dead.
The orc warrior barely misses you.
You hit the orc warrior.
The orc warrior is almost dead.
The orc warrior hits you with a +0 trident!
You die...

#[... ###....
.## . #.....#
..# .
..###...##..# ..
.........#..#...
...#...<........
.......)........
.......)........
......o@.)......
.......)........
................
....#...........
...###..........
..# #........#.
.# #....#.###
#....###


You could see an orc warrior.

Vanquished Creatures
  Maggie (D:7)
  Grinder (D:5)
  Eustachio (D:5)
  A steam dragon (D:7)
  A water moccasin (D:5)
  2 sky beasts (D:6)
  A black bear (D:5)
  An ogre (D:7)
  A scorpion (D:5)
  3 killer bees (D:7)
  A howler monkey (D:6)
  3 orc priests
  4 hounds
  2 jellies
  4 orc wizards
  A scorpion zombie (D:3)
  A hound zombie (D:3)
  2 gnolls (D:7)
  6 adders
  An ufetubus (D:7)
  An adder zombie (D:3)
  2 dart slugs
  26 orcs
  9 endoplasms
  5 giant cockroaches
  6 hobgoblins
  8 jackals
  10 kobolds
  3 quokkas
  4 ball pythons
  4 bats
  5 frilled lizards
  A giant cockroach zombie (D:3)
  5 goblins
  4 rats
131 creatures vanquished.

Notes
Turn   | Place    | Note
-------+----------+-------------------------------------------
     0 | D:1      | Anothat the Demigod Gladiator began the quest for the Orb.
     0 | D:1      | Reached XP level 1. HP: 17/17 MP: 3/3
   540 | D:1      | Reached XP level 2. HP: 21/24 MP: 4/4
  1451 | D:2      | Reached XP level 3. HP: 28/30 MP: 5/5
  1882 | D:3      | Reached XP level 4. HP: 28/37 MP: 6/6
  2933 | D:3      | Noticed a charred statue
  2942 | D:3      | Reached XP level 5. HP: 45/45 MP: 7/7
  3489 | D:4      | Reached XP level 6. HP: 52/52 MP: 8/8
  3986 | D:4      | Identified a scroll of acquirement
  3986 | D:4      | Acquired 1142 gold pieces
  4001 | D:5      | Entered Level 5 of the Dungeon
  4031 | D:5      | Found Panyjenu's Magic Scroll Emporium.
  4064 | D:5      | Noticed Grinder
  4079 | D:5      | Killed Grinder
  4143 | D:5      | Reached XP level 7. HP: 35/60 MP: 9/9
  4156 | D:5      | Reached skill level 5 in Dodging
  4185 | D:5      | Reached skill level 5 in Long Blades
  4483 | D:5      | Reached skill level 5 in Fighting
  4566 | D:5      | Noticed Eustachio
  4580 | D:5      | Killed Eustachio
  5295 | D:6      | Reached XP level 8. HP: 69/69 MP: 10/10
  5837 | D:7      | Found a staircase to the Ecumenical Temple.
  5838 | D:7      | Noticed Maggie
  6424 | D:7      | Killed Maggie
  7243 | D:7      | Mangled by an orc warrior

Illustrated notes

Levels and vault maps discovered:
D:1:      amcnicky_arrival_single_pillar, layout_loops_cross,
          hellmonk_ecumenical_altar_heavens_door
D:2:      layout_basic
D:3:      layout_rooms, nicolae_yredelemnul_corpse_copse, vehumet_statue,
          feat_on_display
D:4:      cheibrodos_pilgrimage, layout_gridville, serial_glass,
          glass_columns_b, glass_columns_a, glass_columns_c, glass_columns_b,
          glass_columns_b, glass_columns_a, glass_columns_b, glass_columns_c,
          glass_columns_a, glass_columns_a, dreamdust_wishing_well
D:5:      layout_loops_corners, serial_shops, shop_fountains, uniq_eustachio,
          uniq_grinder
D:6:      layout_rooms, old_standard_altar, mainiacjoe_overflow_brackets,
          nicolae_qazlal_eye_of_the_storm
D:7:      layout_cave_pools, mainiacjoe_overflow_surrounded_room,
          minmay_temple_entry_water_ring, minmay_microvault, uniq_maggie

Skill      XL: |  1  2  3  4  5  6  7  8 |
---------------+-------------------------+-----
Fighting       | 2 3 4 5 6 |  6.5
Dodging        | 3 4 5 6 |  6.8
Long Blades    | 3 4 5 6 |  6.8
Throwing       | |  1.7

Action                   |  1- 3 |  4- 6 |  7- 9 || total
-------------------------+-------+-------+-------++-------
Melee: Long sword        |   124 |   218 |   181 ||   523
       Punch             |     1 |     3 |     4 ||     8
Throw: Throwing net      |       |     2 |     2 ||     4
Evoke: Wand              |       |       |     4 ||     4
  Use: Scroll            |       |     7 |     8 ||    15
       Potion            |       |     3 |     3 ||     6
 Stab: Sleeping          |     3 |     1 |     2 ||     6
       Paralysed         |       |       |     5 ||     5
Armor: Leather armour    |    53 |    35 |       ||    88
       Troll leather arm |       |    33 |    30 ||    63
       Swamp dragon scal |       |       |    29 ||    29
Dodge: Dodged            |    96 |   171 |   193 ||   460
